[Event "fics rated crazyhouse match"]
[Site "fics, Oklahoma City, OK USA"]
[Date "2001.01.09"]
[White "AngelicK"]
[WhiteElo "2404"]
[Black "tantheman"]
[BlackElo "2337"]
[TimeControl "60+0"]
[Result "1-0"]

1. e4 e6 2. Nc3 Nc6 3. d4 Nf6 4. Nf3 Bb4 5. e5 Nd5 6. Bd2 
Bxc3 7. bxc3 d6 8. Bd3 dxe5 9. dxe5 P@f5 10. P@h6 gxh6 11. Bxh6 Rg8 
12. B@g5 P@e7 13. Bxe7 Qxe7 14. P@d6 cxd6 15. exd6 Qxd6 16. c4 B@a5+ 17. P@d2 
N@f4 18. Rg1 Rxg2 19. cxd5 Rxg1+ 20. Nxg1 Ng2+ 21. Kf1 R@e1+ 22. Qxe1 Nxe1 
23. N@f6+ Kd8 24. Kxe1 exd5 25. R@g8+ Kc7 26. N@e8+ Kb6 27. Nxd6 Q@e5+ 28. Q@e3+ 
Qxe3+ 29. Bxe3+ P@c5 30. Nxc8+ Rxc8 31. Rxc8 Bxd2+ 32. Bxd2 N@g2+ 33. Kd1 P@e2+ 
34. Nxe2 P@b2 35. B@c7# 
{tantheman checkmated} 1-0

[Event "fics rated crazyhouse match"]
[Site "fics, Oklahoma City, OK USA"]
[Date "2001.01.09"]
[White "tantheman"]
[WhiteElo "2331"]
[Black "AngelicK"]
[BlackElo "2410"]
[TimeControl "60+0"]
[Result "1-0"]

1. e3 e6 2. b3 Nc6 3. Bb2 Nf6 4. Nf3 d5 5. Be2 Be7 6. O-O 
O-O 7. d4 Ne4 8. c4 f5 9. cxd5 exd5 10. Ne5 Nxe5 11. dxe5 N@h4 
12. Bf3 P@g4 13. Bxe4 dxe4 14. P@f6 Nxg2 15. fxe7 Qxe7 16. B@f6 gxf6 17. exf6 
Rxf6 18. P@g5 Nh4 19. Bxf6 P@g2 20. N@h6+ Kf8 21. R@g8# 
{AngelicK checkmated} 1-0

[Event "fics rated crazyhouse match"]
[Site "fics, Oklahoma City, OK USA"]
[Date "2001.01.09"]
[White "JKiller"]
[WhiteElo "2379"]
[Black "tantheman"]
[BlackElo "2341"]
[TimeControl "180+0"]
[Result "1-0"]

1. e4 e6 2. d4 d5 3. e5 Nc6 4. Nc3 Nge7 5. Nf3 Nf5 6. Be3 
Be7 7. Bd3 Bd7 8. Bxf5 exf5 9. Nxd5 O-O 10. Nxe7+ Qxe7 11. P@h6 gxh6 
12. N@f6+ Kh8 13. Bxh6 P@g7 14. Bxg7+ Kxg7 15. P@h6+ Kxh6 16. Qd2+ Kg7 17. B@h6# 
{tantheman resigns} 1-0

[Event "fics rated crazyhouse match"]
[Site "fics, Oklahoma City, OK USA"]
[Date "2001.01.09"]
[White "tantheman"]
[WhiteElo "2334"]
[Black "JKiller"]
[BlackElo "2386"]
[TimeControl "180+0"]
[Result "0-1"]

1. e3 e5 2. b3 Nc6 3. Bb2 Nf6 4. Nc3 d5 5. Nf3 d4 6. exd4 
exd4 7. Nb5 Bc5 8. Bc4 Qe7+ 9. Qe2 Qxe2+ 10. Bxe2 P@e3 11. O-O exf2+ 
12. Kh1 O-O 13. Nbxd4 P@h3 14. Rxf2 Ne4 15. Raf1 Nxf2+ 16. Rxf2 Nxd4 17. Bxd4 
Bxd4 18. Nxd4 B@e5 19. N@f5 Bxf5 20. Nxf5 N@e4 21. Q@f3 Nxf2+ 22. Qxf2 N@e4 
23. Qg1 R@f2 24. B@f3 hxg2+ 25. Bxg2 Rxf5 26. Bxe4 N@f2+ 27. Qxf2 Rxf2 28. Bxh7+ 
Kh8 29. P@g2 Bxh2 30. N@h3 Rxg2 31. B@d4 R@e1+ 32. N@f1 Rexe2 33. P@h6 Rg1+ 
34. Nxg1 Q@g2# 
{tantheman checkmated} 0-1

[Event "fics rated crazyhouse match"]
[Site "fics, Oklahoma City, OK USA"]
[Date "2001.01.09"]
[White "JKiller"]
[WhiteElo "2393"]
[Black "tantheman"]
[BlackElo "2327"]
[TimeControl "180+0"]
[Result "1-0"]

1. e4 e6 2. d4 Nc6 3. d5 exd5 4. exd5 Bb4+ 5. c3 Qe7+ 6. Be2 
d6 7. dxc6 bxc6 8. cxb4 Bf5 9. N@d4 P@c2 10. Nxc2 Bxc2 11. Qxc2 N@d4 
12. Qc4 P@c2 13. Nc3 c5 14. Nd5 Qd7 15. P@b7 Rb8 16. B@c8 Qc6 17. P@d7+ 
Kd8 18. b5 Nxb5 19. Qxb5 Qxd5 20. N@c6+ Qxc6 21. Qxc6 Nf6 22. Bg5 P@d2+ 
23. Bxd2 N@d4 24. Q@e8+ Nxe8 25. dxe8=Q+ Rxe8 26. Qd7# 
{tantheman checkmated} 1-0

[Event "fics rated crazyhouse match"]
[Site "fics, Oklahoma City, OK USA"]
[Date "2001.01.09"]
[White "tantheman"]
[WhiteElo "2320"]
[Black "JKiller"]
[BlackElo "2400"]
[TimeControl "180+0"]
[Result "0-1"]

1. e3 e5 2. Nc3 Nc6 3. Nf3 Nf6 4. Bb5 e4 5. Nd4 Nxd4 6. exd4 
N@h4 7. Rg1 Bb4 8. Qe2 Bxc3 9. dxc3 N@f3+ 10. gxf3 Nxf3+ 11. Qxf3 exf3 
12. N@f5 Rg8 13. Bg5 Ne4 14. B@e3 Nxg5 15. Rxg5 B@f6 16. Rg1 a6 17. Ba4 
b5 18. Bb3 Q@e2# 
{tantheman checkmated} 0-1

[Event "fics rated crazyhouse match"]
[Site "fics, Oklahoma City, OK USA"]
[Date "2001.01.09"]
[White "JKiller"]
[WhiteElo "2406"]
[Black "tantheman"]
[BlackElo "2314"]
[TimeControl "180+0"]
[Result "1-0"]

1. e4 e6 2. d4 b6 3. Nc3 Bb7 4. Nf3 Nc6 5. d5 e5 6. dxc6 
Bxc6 7. Nxe5 Bb4 8. Nxc6 dxc6 9. P@d7+ Kf8 10. N@b7 Bxc3+ 11. bxc3 Ne7 
12. Nxd8 Rxd8 13. Q@e8+ Rxe8 14. dxe8=Q+ Kxe8 15. R@d8# 
{tantheman checkmated} 1-0

[Event "fics rated crazyhouse match"]
[Site "fics, Oklahoma City, OK USA"]
[Date "2001.01.09"]
[White "tantheman"]
[WhiteElo "2308"]
[Black "JKiller"]
[BlackElo "2412"]
[TimeControl "180+0"]
[Result "0-1"]

1. e3 e5 2. b3 Nc6 3. Bb2 Nf6 4. d4 exd4 5. exd4 Bb4+ 6. c3 
Qe7+ 7. Be2 P@c2 8. Qd2 cxb1=Q+ 9. Rxb1 Nxd4 10. P@c2 Nxe2 11. Nxe2 Ne4 
12. cxb4 Nxd2 13. Bxg7 N@f3+ 14. gxf3 Nxf3+ 15. Kf1 P@g2+ 16. Kxg2 Q@g4+ 17. P@g3 
B@h3# 
{tantheman checkmated} 0-1

[Event "fics rated crazyhouse match"]
[Site "fics, Oklahoma City, OK USA"]
[Date "2001.01.09"]
[White "JKiller"]
[WhiteElo "2418"]
[Black "pminear"]
[BlackElo "2485"]
[TimeControl "180+0"]
[Result "1-0"]

1. e4 e5 2. Nf3 Nc6 3. Bc4 Bc5 4. Nc3 d6 5. d3 Be6 6. Bxe6 
fxe6 7. Ng5 Bxf2+ 8. Kxf2 B@h4+ 9. Kf1 Bxg5 10. Qh5+ N@f7 11. B@h3 Nf6 
12. Qxf7+ Kxf7 13. Bxg5 Nd4 14. B@b3 P@e2+ 15. Nxe2 Nxe2 16. Bhxe6+ Kf8 17. N@d7+ 
Qxd7 18. Bxd7 N@g3+ 19. Ke1 Q@h5 20. P@e7+ Kxe7 21. Q@e6# 
{pminear resigns} 1-0

[Event "fics rated crazyhouse match"]
[Site "fics, Oklahoma City, OK USA"]
[Date "2001.01.09"]
[White "pminear"]
[WhiteElo "2475"]
[Black "JKiller"]
[BlackElo "2428"]
[TimeControl "180+0"]
[Result "1-0"]

1. e4 Nf6 2. e5 Nd5 3. Nf3 d6 4. d4 Nc6 5. Be2 dxe5 6. Nxe5 
Nxe5 7. dxe5 e6 8. O-O Bd7 9. N@h5 Bc6 10. Bf3 N@h4 11. P@e4 Nb4 
12. Bd2 Nxc2 13. Qxc2 Nxf3+ 14. gxf3 B@d3 15. N@f6+ gxf6 16. Nxf6+ Qxf6 17. exf6 
Rg8+ 18. N@g7+ Rxg7+ 19. fxg7 N@h3+ 20. Kh1 P@g2+ 21. Kxg2 Bxf1+ 22. Kxf1 R@g1+ 
23. Ke2 N@f4+ 24. Ke3 P@d4+ 25. Kxd4 Bxg7+ 26. Kc4 O-O-O 27. R@a8+ N@b8 28. P@e7 
Rd4+ 29. Kb3 
{JKiller forfeits on time} 1-0

[Event "fics rated crazyhouse match"]
[Site "fics, Oklahoma City, OK USA"]
[Date "2001.01.09"]
[White "JKiller"]
[WhiteElo "2421"]
[Black "pminear"]
[BlackElo "2482"]
[TimeControl "180+0"]
[Result "1-0"]

1. e4 e5 2. Nf3 Nc6 3. Bc4 Bc5 4. d3 Nf6 5. Nc3 O-O 6. O-O 
d6 7. Bg5 Bg4 8. Nd5 Nxd5 9. Bxd8 Bxf3 10. Qxf3 Nf4 11. B@f6 Nxd8 
12. Qxf4 N@e2+ 13. Kh1 Nxf4 14. N@h6+ Kh8 15. Bxg7+ Kxg7 16. Nf5+ Kf6 17. Q@g7# 
{pminear checkmated} 1-0

[Event "fics rated crazyhouse match"]
[Site "fics, Oklahoma City, OK USA"]
[Date "2001.01.09"]
[White "pminear"]
[WhiteElo "2473"]
[Black "JKiller"]
[BlackElo "2430"]
[TimeControl "180+0"]
[Result "1-0"]

1. e4 e6 2. Nc3 d5 3. exd5 exd5 4. Bb5+ c6 5. Be2 Nf6 6. d4 
Be7 7. Bf4 P@d6 8. P@e5 dxe5 9. dxe5 Nfd7 10. e6 P@e5 11. exd7+ Nxd7 
12. Bd2 Nf6 13. P@g5 Ne4 14. Nxe4 dxe4 15. N@h5 Rg8 16. Nxg7+ Rxg7 17. P@f6 
Bxf6 18. gxf6 Qxf6 19. N@h5 Qg6 20. Nxg7+ Qxg7 21. R@d8+ Ke7 22. Bg5+ Ke6 
23. B@d7# 
{JKiller resigns} 1-0

[Event "fics rated crazyhouse match"]
[Site "fics, Oklahoma City, OK USA"]
[Date "2001.01.09"]
[White "JKiller"]
[WhiteElo "2423"]
[Black "pminear"]
[BlackElo "2480"]
[TimeControl "180+0"]
[Result "1-0"]

1. e4 e5 2. Nf3 Nc6 3. Bc4 Bc5 4. d3 d6 5. Nc3 Be6 6. Bxe6 
fxe6 7. O-O B@g4 8. Nxe5 Nxe5 9. Qxg4 Nxg4 10. B@h5+ N@g6 11. Bxg4 Nf8 
12. P@f7+ Kxf7 13. N@g5+ Ke7 14. Nxe6 Nxe6 15. Bxe6 Kxe6 16. B@h3+ Kf7 17. N@g5+ 
Ke8 18. P@f7+ Kf8 19. Ne6+ Kxf7 20. Nxd8+ Rxd8 21. Bg5 P@f6 22. Q@e6+ Kf8 
23. Bxf6 gxf6 24. P@f7 B@e7 25. fxg8=Q+ Rxg8 26. Nd5 N@c6 27. Nxe7 Nxe7 28. B@h6+ 
P@g7 29. Qxf6+ P@f7 30. Bxg7+ Rxg7 31. N@e6+ Ke8 32. Nxg7+ Kf8 33. R@e8+ Rxe8 
34. Ne6# 
{pminear resigns} 1-0

[Event "fics rated crazyhouse match"]
[Site "fics, Oklahoma City, OK USA"]
[Date "2001.01.09"]
[White "pminear"]
[WhiteElo "2471"]
[Black "JKiller"]
[BlackElo "2432"]
[TimeControl "180+0"]
[Result "1-0"]

1. e4 e6 2. Nc3 Nc6 3. d4 d5 4. exd5 exd5 5. Bb5 Bb4 6. Qe2+ 
P@e4 7. a3 Bxc3+ 8. bxc3 Qe7 9. B@a4 Bd7 10. P@a6 N@h4 11. axb7 Nxg2+ 
12. Kd1 Rd8 13. Bxc6 Bxc6 14. Bxc6+ Kf8 15. N@d7+ Rxd7 16. Bxd7 Qxd7 17. b8=Q+ 
B@e8 18. Bg5 B@g4 19. P@f3 Nf4 20. R@d8 N@f6 21. Bxf4 P@g2 22. B@c5+ Qe7 
23. Bxe7+ Nxe7 24. N@d7+ Bxd7 25. Rxd7 gxh1=Q 26. Rxe7 Qxg1+ 27. B@e1 N@b2+ 28. Qxb2 
B@d8 29. Rxc7 R@f1 30. Qb4+ N@e7 31. Rxe7 Rxe1+ 32. Qxe1 Qxe1+ 33. Kxe1 
{JKiller forfeits on time} 1-0

[Event "fics rated crazyhouse match"]
[Site "fics, Oklahoma City, OK USA"]
[Date "2001.01.09"]
[White "JKiller"]
[WhiteElo "2425"]
[Black "pminear"]
[BlackElo "2478"]
[TimeControl "180+0"]
[Result "1-0"]

1. e4 e5 2. Nf3 Nc6 3. Bc4 Bc5 4. O-O Nf6 5. d3 O-O 6. Nc3 
Be7 7. Nd5 Nxd5 8. exd5 Nd4 9. Nxe5 d6 10. Nf3 Nxf3+ 11. Qxf3 N@e5 
12. Qd1 Nxc4 13. dxc4 B@g4 14. f3 Bgf5 15. P@h6 gxh6 16. Bxh6 Bf6 17. N@h5 
Bd4+ 18. Qxd4 N@e2+ 19. Kh1 Nxd4 20. N@f6# 
{pminear resigns} 1-0

[Event "fics rated crazyhouse match"]
[Site "fics, Oklahoma City, OK USA"]
[Date "2001.01.09"]
[White "pminear"]
[WhiteElo "2469"]
[Black "JKiller"]
[BlackElo "2434"]
[TimeControl "180+0"]
[Result "1-0"]

1. e4 e6 2. Nc3 Nc6 3. d4 d5 4. exd5 exd5 5. Bb5 Bb4 6. Qe2+ 
Qe7 7. a3 Bxc3+ 8. bxc3 N@e4 9. P@b2 Nd6 10. Bxc6+ bxc6 11. N@e5 B@b5 
12. B@d3 P@c4 13. a4 cxd3 14. cxd3 Bxd3 15. Nxd3 B@e4 16. Nf4 P@g5 17. Nh5 
Bxg2 18. Nxg7+ Kd8 19. Bxg5 P@f6 20. P@e5 Ne4 21. B@b4 c5 22. dxc5 Bxh1 
23. P@d6 Qxe5 24. P@e7+ Nxe7 25. dxe7+ Qxe7 26. N@c6+ Kd7 27. Nxe7 P@d2+ 28. Bxd2 
R@e5 29. c6+ Kd8 30. Nxc8 
{JKiller resigns} 1-0

[Event "fics rated crazyhouse match"]
[Site "fics, Oklahoma City, OK USA"]
[Date "2001.01.09"]
[White "JKiller"]
[WhiteElo "2427"]
[Black "pminear"]
[BlackElo "2476"]
[TimeControl "180+0"]
[Result "0-1"]

1. e4 e5 2. Nf3 Nc6 3. Bc4 Bc5 4. d3 Nf6 5. Nc3 O-O 6. O-O 
h6 7. Nd5 d6 8. c3 Bg4 9. h3 Bxf3 10. Qxf3 Nxd5 11. exd5 N@h4 
12. Qg4 Na5 13. Bxh6 N@f5 14. B@g5 Nxh6 15. Bxh6 B@f6 16. P@e6 Nxc4 17. exf7+ 
Kh7 18. Bxg7 Bxg7 19. N@g5+ Qxg5 20. P@g6+ Kh8 21. Qxg5 N@f3+ 22. gxf3 Nxf3+ 
23. Kh1 Nxg5 24. N@f3 B@f5 25. N@h4 Q@h6 26. P@g2 Bxh3 27. gxh3 Nxf3 28. Q@g3 
Nxh4 29. B@g5 P@g2+ 30. Kh2 gxf1=N+ 31. Rxf1 N@f3+ 32. Kh1 Qxg5 33. P@g4 P@g2+ 
34. Qxg2 Nxg2 35. P@h2 Ngh4 
{JKiller forfeits on time} 0-1

[Event "fics rated crazyhouse match"]
[Site "fics, Oklahoma City, OK USA"]
[Date "2001.01.09"]
[White "pminear"]
[WhiteElo "2483"]
[Black "JKiller"]
[BlackElo "2420"]
[TimeControl "180+0"]
[Result "1-0"]

1. e4 e6 2. Nc3 Nc6 3. d4 d5 4. exd5 exd5 5. Bb5 Bb4 6. Qe2+ 
Qe7 7. a3 Bxc3+ 8. bxc3 N@e4 9. P@b2 Ngf6 10. B@e5 Ng4 11. Bxg7 Ngxf2 
12. Bxh8 Nxh1 13. R@g8+ R@f8 14. Rxf8+ Qxf8 15. P@g7 P@f2+ 16. Qxf2 R@d1+ 17. Ke2 
Bg4+ 18. P@f3 Qe7 19. g8=Q+ Kd7 20. Qxg4+ P@e6 21. Bxc6+ bxc6 22. N@e5+ Kc8 
23. B@a6+ B@b7 24. Qg8# 
{JKiller resigns} 1-0

[Event "fics rated crazyhouse match"]
[Site "fics, Oklahoma City, OK USA"]
[Date "2001.01.09"]
[White "JKiller"]
[WhiteElo "2413"]
[Black "pminear"]
[BlackElo "2490"]
[TimeControl "180+0"]
[Result "1-0"]

1. e4 e5 2. Nf3 Nc6 3. Bc4 Bc5 4. O-O d6 5. d3 Bg4 6. Bxf7+ 
Kxf7 7. Ng5+ Qxg5 8. Bxg5 B@f6 9. Qxg4 Nd4 10. P@e6+ Nxe6 11. Qxe6+ Kxe6 
12. B@f5+ Ke7 13. Q@e6# 
{pminear resigns} 1-0

[Event "fics rated crazyhouse match"]
[Site "fics, Oklahoma City, OK USA"]
[Date "2001.01.09"]
[White "pminear"]
[WhiteElo "2480"]
[Black "JKiller"]
[BlackElo "2423"]
[TimeControl "180+0"]
[Result "1-0"]

1. e4 e6 2. Nc3 Nc6 3. d4 Bb4 4. a3 Ba5 5. Be3 Nf6 6. Bd3 
d5 7. e5 Ne4 8. Bxe4 dxe4 9. N@h5 Rg8 10. Nh3 Bxc3+ 11. bxc3 B@b2 
12. O-O Bxc3 13. B@g5 P@e7 14. Bxe7 Qxe7 15. P@f6 gxf6 16. Nxf6+ Qxf6 17. exf6 
B@f3 18. P@g7 Bxd1 19. Q@f8+ Rxf8 20. gxf8=Q+ Kxf8 21. R@h8+ N@g8 22. Bh6+ Ke8 
23. Rxg8+ Kd7 24. N@c5+ Kd6 25. Nxe4+ Kd7 26. Nc5+ Kd6 27. Bf4+ e5 28. Ne4+ 
Kd7 29. Nc5+ Kd6 30. Ne4+ Kd7 31. Raxd1 P@e2 32. B@e8+ Ke6 33. d5+ Kf5 
34. Ng3+ Kxf6 35. Bg5# 
{JKiller checkmated} 1-0

[Event "fics rated crazyhouse match"]
[Site "fics, Oklahoma City, OK USA"]
[Date "2001.01.09"]
[White "JKiller"]
[WhiteElo "2416"]
[Black "pminear"]
[BlackElo "2487"]
[TimeControl "180+0"]
[Result "0-1"]

1. e4 e5 2. Nf3 Nc6 3. Bc4 Bc5 4. d3 Nf6 5. Nc3 O-O 6. O-O 
h6 7. Nd5 d6 8. c3 Bg4 9. h3 Bh5 10. Be3 Nxd5 11. exd5 N@h4 
12. dxc6 Bxf3 13. gxf3 Bxe3 14. fxe3 Qg5+ 15. N@g4 B@f5 16. B@g3 Bxg4 17. Bxh4 
Qxh4 18. N@e7+ Qxe7 19. fxg4 Qh4 20. Qf3 N@g5 21. N@e7+ Kh7 22. B@e4+ g6 
23. Bxg6+ fxg6 24. B@g8+ Kh8 25. Nxg6+ Kg7 
{JKiller forfeits on time} 0-1

[Event "fics rated crazyhouse match"]
[Site "fics, Oklahoma City, OK USA"]
[Date "2001.01.09"]
[White "pminear"]
[WhiteElo "2493"]
[Black "JKiller"]
[BlackElo "2410"]
[TimeControl "180+0"]
[Result "0-1"]

1. e4 e6 2. Nc3 Nc6 3. d4 Bb4 4. a3 Ba5 5. Be3 Nf6 6. Bd3 
d5 7. e5 Ne4 8. Bxe4 dxe4 9. N@h5 Rg8 10. Nh3 Bxc3+ 11. bxc3 B@b2 
12. O-O Bxc3 13. B@g5 P@e7 14. Bxe7 Qxe7 15. P@f6 Qf8 16. fxg7 Rxg7 17. Nxg7+ 
Qxg7 18. Bg5 B@d8 19. P@f6 Qg8 20. R@g7 Qf8 21. Bh6 P@f3 22. gxf3 exf3 
23. Qxf3 Nxd4 24. Qg4 P@f3 25. P@g2 fxg2 26. Qxg2 P@f3 27. P@e7 N@e2+ 28. Kh1 
fxg2+ 29. Rxg2 Bxe7 30. Bxf8 P@f3 31. Rfg1 fxg2+ 32. Rxg2 P@f3 33. Rag1 Nxg1 
34. Rxg1 Q@g2+ 35. Rxg2 fxg2+ 36. Kxg2 N@h4+ 37. Kg3 R@g2+ 38. Kxh4 Nf5+ 39. Kh5 
R@h4# 
{pminear checkmated} 0-1

[Event "fics rated crazyhouse match"]
[Site "fics, Oklahoma City, OK USA"]
[Date "2001.01.09"]
[White "pminear"]
[WhiteElo "2474"]
[Black "JKiller"]
[BlackElo "2429"]
[TimeControl "180+0"]
[Result "1-0"]

1. e4 Nf6 2. e5 Nd5 3. Nf3 e6 4. d4 b6 5. Be2 Bb7 6. O-O 
Nc6 7. Nc3 Nxc3 8. bxc3 N@e4 9. Bd2 Ne7 10. Ng5 Nxd2 11. Qxd2 B@h6 
12. f4 Nf5 13. N@e4 Bxg5 14. Nxg5 Be7 15. Nxf7 Kxf7 16. B@h3 N@e4 17. Qe1 
Ne3 18. Bh5+ N@g6 19. Qxe3 Rf8 20. f5 exf5 21. Bxf5 P@f2+ 22. Kh1 Bg5 
23. Qh3 Qe7 24. N@d3 Ke8 25. Nxf2 Nxf2+ 26. Rxf2 N@f4 27. Bhxg6+ hxg6 28. Bxd7+ 
Kd8 29. P@d6 cxd6 30. P@c7# 
{JKiller resigns} 1-0

[Event "fics rated crazyhouse match"]
[Site "fics, Oklahoma City, OK USA"]
[Date "2001.01.09"]
[White "JKiller"]
[WhiteElo "2422"]
[Black "pminear"]
[BlackElo "2481"]
[TimeControl "180+0"]
[Result "0-1"]

1. e4 e5 2. Nf3 Nc6 3. Bc4 Bc5 4. d3 Nf6 5. Nc3 O-O 6. O-O 
h6 7. Nd5 d6 8. Be3 Bg4 9. Bxc5 dxc5 10. h3 Bxf3 11. Qxf3 Nxd5 
12. Bxd5 N@g5 13. Qd1 N@f4 14. B@g4 B@e6 15. Bdxe6 fxe6 16. B@b3 Nd4 17. N@f5 
B@e2 18. Bxe2 Ndxe2+ 19. Kh1 Rxf5 20. exf5 N@g3+ 21. fxg3 Nxg3+ 22. Kh2 Nxf1+ 
23. Qxf1 P@g3+ 24. Kxg3 B@h4+ 25. Kh2 Nxd3 26. P@h7+ Kxh7 27. B@g6+ Kh8 28. N@f7+ 
Nxf7 29. R@h7+ Kg8 30. Rxg7+ Kxg7 31. N@h5+ Kf8 32. B@g7+ Ke7 33. f6+ Kd6 
34. Qxd3+ N@d4 35. N@c4+ Kc6 36. Na5+ Kb6 37. Nc4+ Ka6 38. Na3+ P@b5 39. Nxb5 
P@g3+ 40. Nxg3 Bxg3+ 41. Qxg3 Nxb5 
{JKiller forfeits on time} 0-1

[Event "fics rated crazyhouse match"]
[Site "fics, Oklahoma City, OK USA"]
[Date "2001.01.09"]
[White "pminear"]
[WhiteElo "2488"]
[Black "JKiller"]
[BlackElo "2415"]
[TimeControl "180+0"]
[Result "0-1"]

1. e4 e6 2. Nc3 b6 3. d4 Bb7 4. Bd3 Nc6 5. Nf3 Nce7 6. Qe2 
Nf6 7. Bg5 Ng6 8. e5 Nd5 9. Bxd8 Ndf4 10. Qf1 Rxd8 11. Bxg6 hxg6 
12. N@e4 Bxe4 13. Nxe4 B@e2 14. Qxe2 Nxe2 15. Kxe2 N@f4+ 16. Kd2 Q@e2+ 17. Kc1 
Qxe4 18. B@e3 Ne2+ 19. Kd2 B@a6 20. B@d3 Bxd3 21. cxd3 B@a5+ 22. Kxe2 N@f4+ 
23. Kf1 Qxd3+ 24. B@e2 Nxe2 25. h4 Nxd4+ 26. Kg1 Nxf3+ 27. gxf3 N@e2+ 28. Kg2 
B@b7 29. N@g5 P@g4 30. N@h7 gxf3+ 31. Kh2 Rxh7 32. Nxh7 N@g4+ 33. Kh3 Nxf2+ 
34. Bxf2 Qf5+ 35. Kh2 P@f4 36. N@f6+ gxf6 37. Nxf6+ Qxf6 38. exf6 N@g4+ 39. Kh3 
Nxf2+ 40. Kh2 P@g3# 
{pminear checkmated} 0-1

[Event "fics rated crazyhouse match"]
[Site "fics, Oklahoma City, OK USA"]
[Date "2001.01.09"]
[White "JKiller"]
[WhiteElo "2425"]
[Black "pminear"]
[BlackElo "2478"]
[TimeControl "180+0"]
[Result "1-0"]

1. e4 e5 2. Nf3 Nc6 3. Bc4 Bc5 4. d3 Nf6 5. Nc3 O-O 6. O-O 
h6 7. Nd5 d6 8. Be3 Bg4 9. Bxc5 dxc5 10. B@e2 Nxd5 11. exd5 N@f4 
12. dxc6 Nxe2+ 13. Qxe2 B@h5 14. N@e1 Bxf3 15. gxf3 N@f4 16. Qxe5 Qg5+ 17. Qxg5 
hxg5 18. N@e7+ Kh8 19. B@e4 B@g6 20. Nxg6+ Bxg6 21. B@g3 Bxe4 22. dxe4 B@h3 
23. P@g2 Nxg2 24. Q@h5+ Q@h7 25. Qxh7+ Kxh7 26. Q@h5+ Q@h6 27. Qxh6+ Kxh6 28. Nxg2 
Rh8 29. B@g4 Bxg4 30. fxg4 B@g6 31. N@f5+ Kh7 32. N@f6+ gxf6 33. Q@g7# 
{pminear checkmated} 1-0

[Event "fics rated crazyhouse match"]
[Site "fics, Oklahoma City, OK USA"]
[Date "2000.01.10"]
[White "LSS"]
[WhiteElo "2380"]
[Black "fisherman"]
[BlackElo "2207"]
[TimeControl "180+0"]
[Result "0-1"]

1. e4 e6 2. d4 d5 3. exd5 exd5 4. Bb5+ Nc6 5. Qe2+ Ne7 6. Nc3 
P@e4 7. Bf4 a6 8. Bxc6+ Nxc6 9. Bxc7 Qxc7 10. Nxd5 B@a5+ 11. P@c3 Qd8 
12. Qxe4+ B@e6 13. P@h6 Qxd5 14. Qxd5 Bxd5 15. hxg7 Bxc3+ 16. bxc3 P@d2+ 17. Kxd2 
N@e4+ 18. Ke3 Q@d2+ 19. Kf3 Qxf2# 
{LSS checkmated} 0-1

[Event "fics rated crazyhouse match"]
[Site "fics, Oklahoma City, OK USA"]
[Date "2000.01.10"]
[White "fisherman"]
[WhiteElo "2219"]
[Black "LSS"]
[BlackElo "2368"]
[TimeControl "180+0"]
[Result "1-0"]

1. e4 e6 2. d4 Nc6 3. Nf3 Nf6 4. Bd3 d5 5. exd5 exd5 6. Ne5 
Nxd4 7. P@g6 Be6 8. gxf7+ Bxf7 9. Nxf7 Kxf7 10. P@g6+ Ke7 11. B@e5 Nc6 
12. Bxf6+ gxf6 13. gxh7 N@h4 14. N@f5+ Nxf5 15. Bxf5 P@f7 16. Nc3 P@e6 17. Bxe6 
Kxe6 18. N@f4+ Kd7 19. Ncxd5 Kc8 20. P@b5 Qe8+ 21. Be3 Nb4 22. Nxf6 Bd6 
23. Nxe8 Rxe8 24. P@c6 bxc6 25. bxc6 Nxc6 26. P@a6 B@a5+ 27. c3 Rb8 28. P@b7+ 
Kd8 29. h8=Q Rxh8 30. Q@f6+ N@e7 31. Qxh8+ B@e8 32. P@f6 P@a3 33. fxe7+ Nxe7 
34. R@f8 
{LSS forfeits on time} 1-0

[Event "fics rated crazyhouse match"]
[Site "fics, Oklahoma City, OK USA"]
[Date "2000.01.10"]
[White "LSS"]
[WhiteElo "2357"]
[Black "fisherman"]
[BlackElo "2230"]
[TimeControl "180+0"]
[Result "0-1"]

1. e4 Nf6 2. e5 Nd5 3. Nc3 Nxc3 4. dxc3 d5 5. exd6 exd6 6. Nf3 
Nc6 7. Bb5 Bd7 8. O-O Be7 9. Re1 P@e5 10. N@h5 Rg8 11. Bd3 N@g6 
12. P@f5 Bf6 13. fxg6 hxg6 14. Nxf6+ gxf6 15. N@h6 Rg7 16. B@d5 P@e6 17. Bxc6 
Bxc6 18. N@e4 B@h5 19. a4 Bxf3 20. Qxf3 N@h4 21. Qh3 g5 22. B@h8 Rg6 
23. Nxf6+ Rxf6 24. Bxf6 Qxf6 25. Bxg5 Bxg2 26. R@g8+ Kd7 27. Qxg2 N@f3+ 28. Kh1 
Nxg5 29. Rxa8 B@f3 30. B@e8+ Ke7 31. R@d7+ Kf8 32. Bxf7+ Kg7 33. Bxe6+ B@e7 
34. Rg8+ Kxh6 35. Rxg5 Bxg2+ 36. Rxg2 Qxe6 37. N@g8+ Qxg8 38. Rxg8 B@d5+ 39. P@e4 
Bxg8 
{LSS forfeits on time} 0-1

[Event "fics rated crazyhouse match"]
[Site "fics, Oklahoma City, OK USA"]
[Date "2000.01.10"]
[White "fisherman"]
[WhiteElo "2241"]
[Black "LSS"]
[BlackElo "2346"]
[TimeControl "180+0"]
[Result "0-1"]

1. e4 e6 2. Nc3 d5 3. Nf3 d4 4. Nb5 Nc6 5. Bc4 a6 6. Na3 
Bxa3 7. bxa3 Nf6 8. d3 N@c3 9. Qd2 Ncxe4 10. dxe4 Nxe4 11. Qf4 P@d5 
12. N@e5 Nxe5 13. Nxe5 P@f6 14. B@h5 N@g6 15. Bxg6 hxg6 16. Nxf7 Kxf7 17. N@e5+ 
Ke7 18. Nxg6+ Kd7 19. P@e7 Qe8 20. Nxh8 Qxh8 21. R@d8+ Qxd8 22. exd8=Q+ Kxd8 
23. N@f7+ Ke7 24. Qxc7+ R@d7 25. P@d6+ Kxf7 26. Qxd7+ Bxd7 27. R@e7+ Kg6 28. Q@f7+ 
Kf5 29. Qh5+ P@g5 30. O-O B@g4 31. Qxg4+ Kxg4 32. B@f3+ Kf5 33. P@g4+ Kg6 
34. Bxe4+ dxe4 35. Bxe6 N@h3+ 36. gxh3 N@f3+ 37. Kg2 N@h4+ 38. Kg3 Q@g2# 
{fisherman checkmated} 0-1

[Event "fics rated crazyhouse match"]
[Site "fics, Oklahoma City, OK USA"]
[Date "2000.01.10"]
[White "LSS"]
[WhiteElo "2352"]
[Black "fisherman"]
[BlackElo "2235"]
[TimeControl "180+0"]
[Result "0-1"]

1. e4 Nc6 2. d4 e6 3. Nf3 d5 4. exd5 exd5 5. Bb5 Bd7 6. Nc3 
Nf6 7. P@e5 Ne4 8. Nxd5 P@g4 9. Bxc6 Bxc6 10. N@f6+ gxf6 11. Nxf6+ Nxf6 
12. exf6 gxf3 13. P@g7 Qxf6 14. gxh8=Q Qxh8 15. P@d7+ Bxd7 16. Qxf3 O-O-O 17. Bf4 
P@d2+ 18. Bxd2 B@c6 19. P@d5 N@h4 20. Qe4 Re8 21. P@e5 Bxd5 22. Qxd5 Bc6 
23. B@h3+ Kb8 24. Qxf7 N@f3+ 25. gxf3 Nxf3+ 26. Kd1 P@e2+ 27. Kc1 Ba3 28. Qxc7+ 
Kxc7 29. P@d6+ Kb8 30. P@c7+ Ka8 31. R@b8+ Rxb8 32. cxb8=Q+ Qxb8 33. N@c7+ Qxc7 
34. dxc7 Bxb2+ 35. Kxb2 N@c4+ 36. Kc3 Q@b2+ 37. Kd3 Qxd4+ 38. Kxe2 Qxd2+ 39. Kf1 
P@e2+ 40. Kg2 N@h4# 
{LSS forfeits on time} 0-1

[Event "fics rated crazyhouse match"]
[Site "fics, Oklahoma City, OK USA"]
[Date "2000.01.10"]
[White "fisherman"]
[WhiteElo "2246"]
[Black "LSS"]
[BlackElo "2341"]
[TimeControl "180+0"]
[Result "1-0"]

1. e4 e6 2. Nc3 Nf6 3. d4 Bb4 4. Bd3 d5 5. exd5 exd5 6. Bg5 
h6 7. Bxf6 Qxf6 8. Nf3 P@e4 9. Ne5 exd3 10. cxd3 B@f4 11. N@h5 B@d2+ 
12. Kf1 Qg5 13. P@h4 Qxg2+ 14. Kxg2 Bxe5 15. Qxd2 Bxc3 16. dxe5 P@h3+ 17. Kf1 
Bxe5 18. Rg1 N@f3 19. Nxg7+ Bxg7 20. Qe3+ N@e5 21. Rxg7 P@g2+ 22. Ke2 g1=N+ 
23. Raxg1 Nxg1+ 24. Rxg1 Nc6 25. Qxe5+ Nxe5 26. N@f6+ Kd8 27. P@e7+ Kxe7 28. Nxd5+ 
Kd6 29. Q@e7+ Kxd5 30. B@e4+ Kd4 31. P@c3# 
{LSS checkmated} 1-0